Map: Ruins of Seras

Players

Pseudorandom

Bnetplayer - Winner!

  • Race: Terran Terran

VOD

http://www.twitch.tv/pseudorandom63/b/646849655

Description

Time

  • Played on: April 7, 2015, 12:11 a.m.
  • Length: 11:33
Show
View Real Time Build Order
Export as new Build Order

Pseudorandom Zerg 

Build Orders: Hatch First 

Get SALT Encoding   

  12  0:00  Drone  
  13  0:10  Drone  
  14  0:17  Overlord  
  14  0:24  Drone, Extractor  
  15  0:35  Drone x2  
  17  0:43  Drone  
  18  0:58  Hatchery  
  18  1:01  Drone  
  18  1:05  Extractor  
  18  1:10  Drone  
  18  1:20  Spawning Pool  
  18  1:23  Drone  
  18  1:30  Drone  
  19  1:40  Drone  
  20  1:49  Overlord  
  20  2:03  Drone  
  20  2:06  Metabolic Boost  
  20  2:07  Queen  
  23  2:09  Queen  
  23  2:11  Zergling x2  
  26  2:17  Drone  
  26  2:20  Drone  
  28  2:23  Drone  
  29  2:31  Drone x2  
  30  2:47  Pneumatized Carapace  
  30  2:50  Zergling x4  
  32  2:52  Overlord  
  32  3:01  Drone  
  32  3:03  Drone  
  32  3:04  Drone  
  35  3:14  Extractor  
  35  3:15  Drone x2  
  35  3:16  Drone x2  
  35  3:17  Drone x4  
  42  3:24  Drone x2  
  44  3:32  Hatchery  
  43  3:38  Lair  
  43  3:41  Extractor  
  42  3:47  Drone x3  
  42  3:57  Overlord  
  42  3:59  Overlord  
  42  4:00  Queen  
  44  4:05  Extractor  
  43  4:19  Zergling x4  
  43  4:20  Zergling x6  
  48  4:33  Drone x5  
  48  4:34  Drone  
  48  4:36  Overlord  
  54  4:39  Spire  
  53  4:53  Drone x4  
  53  4:56  Zergling x10  
  53  4:57  Zergling x4  
  63  5:19  Drone x2  
  63  5:20  Overlord  
  65  5:36  Drone  
  65  5:38  Overlord  
  66  5:47  Zergling x4  
  66  5:48  Zergling x26  
  76  5:55  Overlord  
  76  5:56  Queen  
  74  6:13  Mutalisk x5  
  74  6:14  Mutalisk x2  
  74  6:16  Overlord  
  88  6:20  Infestation Pit  
  88  6:21  Evolution Chamber, Zerg Flyer Weapons Level 1  
  88  6:23  Evolution Chamber  
  85  6:31  Overlord  
  85  6:38  Mutalisk x5  
  95  6:42  Drone x2  
  95  6:44  Overlord x2  
  97  6:50  Zerg Ground Armor Level 1  
  97  7:02  Extractor  
  97  7:03  Extractor  
  97  7:04  Hatchery  
  94  7:14  Hive  
  93  7:16  Drone x2  
  93  7:17  Drone x4  
  99  7:27  Drone x5  
  104  7:37  Overlord, Drone x2  
  104  7:38  Drone x2  
  106  7:44  Drone  
  101  7:55  Drone x6  
  101  7:59  Drone x3  
  101  8:00  Drone x2  
  101  8:03  Drone x2  
  101  8:04  Drone x2  
  110  8:10  Zerg Melee Weapons Level 1  
  110  8:17  Drone x4  
  114  8:20  Extractor x2  
  114  8:26  Corruptor  
  112  8:27  Corruptor x2  
  112  8:31  Greater Spire  
  118  8:36  Corruptor x2  
  122  8:41  Adrenal Glands  
  122  8:48  Zerg Ground Armor Level 2  
  122  8:57  Overlord x2  
  122  8:58  Drone x3, Nydus Network  
  124  9:07  Overlord x2  
  123  9:18  Hatchery  
  123  9:20  Spine Crawler x2  
  123  9:21  Spine Crawler  
  123  9:23  Spine Crawler  
  118  9:25  Spine Crawler  
  82  9:39  Drone x6  
  82  9:43  Drone x2  
  82  9:44  Drone x3  
  91  9:47  Brood Lord x2  
  91  9:49  Brood Lord  
  96  9:53  Brood Lord x2  
  96  10:04  Drone x7  
  94  10:23  Mutalisk x5  
  94  10:24  Mutalisk  
  106  10:29  Zergling x2  
  106  10:31  Zergling x2  
  106  10:35  Mutalisk x2  
  106  10:45  Nydus Canal  
  106  10:46  Zergling x12  
  110  10:55  Zergling x12  
  110  10:56  Zergling x4  
  112  11:11  Spore Crawler  
  100  11:27  Spore Crawler  
  100  11:31  Spine Crawler  
Show
View Real Time Build Order
Export as new Build Order

Bnetplayer Terran - Winner!

Build Orders: Reaper Expand, Mech, Siege Tank Drop 

Get SALT Encoding   

  12  0:01  SCV  
  13  0:13  SCV  
  14  0:19  Supply Depot  
  14  0:25  SCV  
  15  0:41  Barracks  
  15  0:43  Refinery  
  15  0:44  SCV  
  16  0:56  SCV  
  17  1:08  SCV  
  19  1:29  Reaper  
  19  1:30  Orbital Command  
  19  1:40  Command Center  
  19  1:47  Supply Depot  
  19  1:55  SCV  
  20  2:06  Barracks Reactor  
  20  2:07  SCV  
  21  2:19  SCV  
  21  2:21  Factory  
  22  2:25  Refinery  
  22  2:31  SCV  
  23  2:43  SCV, Marine  
  23  2:44  Marine  
  26  2:45  Bunker  
  26  2:55  Orbital Command  
  26  2:56  SCV  
  27  3:02  Marine x2  
  29  3:06  Factory Tech Lab  
  29  3:08  SCV  
  29  3:12  Starport  
  30  3:18  Supply Depot  
  30  3:20  SCV  
  30  3:24  SCV  
  32  3:32  SCV, Siege Tank  
  36  3:36  SCV  
  36  3:38  Marine x2  
  39  3:44  SCV  
  40  3:49  SCV  
  41  3:56  SCV  
  41  3:58  Supply Depot, Medivac  
  44  4:03  SCV  
  44  4:07  Siege Tank  
  44  4:08  SCV  
  49  4:10  Marine x2  
  49  4:15  SCV  
  52  4:20  SCV  
  53  4:25  Command Center  
  53  4:27  SCV  
  54  4:32  SCV  
  55  4:40  Barracks Tech Lab  
  55  4:44  SCV x2  
  60  4:46  Refinery  
  60  4:47  Refinery  
  57  4:54  Factory  
  57  4:56  SCV  
  57  4:57  SCV  
  59  5:05  Factory  
  59  5:08  Armory, SCV  
  59  5:09  SCV  
  61  5:20  SCV  
  62  5:21  Barracks Reactor  
  62  5:24  Supply Depot  
  62  5:26  Supply Depot  
  62  5:31  Missile Turret  
  62  5:33  Missile Turret  
  62  5:36  SCV x2, Widow Mine x2  
  68  5:48  SCV x3  
  66  5:54  Thor  
  66  5:56  Thor  
  78  6:00  SCV  
  79  6:09  Hellion x2  
  79  6:10  SCV  
  83  6:11  Orbital Command  
  83  6:13  SCV  
  83  6:15  Missile Turret  
  82  6:20  Terran Vehicle and Ship Weapons Level 1  
  80  6:29  SCV x2  
  80  6:31  Factory  
  82  6:33  Factory  
  82  6:34  Hellion x2  
  86  6:41  SCV x2  
  87  6:47  Orbital Command  
  87  6:52  Viking x2  
  89  6:55  SCV x2  
  89  6:58  Hellion  
  93  7:05  Missile Turret  
  93  7:06  Supply Depot, Missile Turret  
  93  7:07  Supply Depot x2  
  93  7:17  Factory Tech Lab  
  93  7:19  Factory Reactor  
  93  7:20  Infernal Pre-Igniter  
  92  7:28  SCV x3, Hellion x2, Thor  
  105  7:40  SCV x2  
  105  7:41  Thor, Refinery  
  105  7:42  Refinery  
  105  7:43  Hellion  
  114  7:44  SCV  
  114  7:49  Hellion  
  116  7:53  SCV  
  116  7:57  Missile Turret  
  116  8:04  Supply Depot  
  116  8:05  Supply Depot, Hellion x2  
  120  8:06  Supply Depot  
  120  8:07  SCV  
  120  8:09  Missile Turret  
  120  8:10  SCV  
  125  8:24  Terran Vehicle and Ship Weapons Level 2  
  125  8:25  Viking x2  
  125  8:26  Hellion x2  
  136  8:28  Cyclone  
  136  8:29  Cyclone  
  136  8:30  Supply Depot  
  136  8:32  Supply Depot x2  
  136  8:36  Command Center  
  136  8:40  Missile Turret  
  136  8:43  Supply Depot x2, Missile Turret  
  136  8:45  Cyclone  
  136  8:46  Hellion  
  143  8:48  Hellion  
  143  8:49  Hellion  
  143  8:51  Hellion  
  147  8:58  Medivac x2  
  151  9:05  Cyclone  
  154  9:15  Hellion x2  
  154  9:16  Hellion x2  
  154  9:17  Hellion  
  164  9:27  Hellion  
  166  9:37  Hellion x2  
  166  9:38  Hellion x2, Siege Tank  
  175  9:46  Medivac x2  
  175  9:47  Siege Tank  
  175  9:48  Siege Tank  
  181  9:58  Hellion  
  167  10:07  Hellbat  
  167  10:09  Thor  
  171  10:16  Engineering Bay  
  171  10:22  Cyclone x2  
  171  10:23  Hellion x3  
  171  10:28  Viking x2  
  185  10:29  Refinery, Missile Turret  
  185  10:31  Missile Turret  
  185  10:33  Refinery  
  197  11:04  Hellion  
  191  11:18  Armory  
  186  11:32  Supply Depot x2  
Tags
 
Add a new tag
Caveats
  • Supply blocks, unpowered buildings, or Contaminate may cause inaccurate times.
  • Supply counts are checked every 10 seconds.